 Dungeon Crawl Stone Soup version 0.18-a0-1485-g189885c (webtiles) character file.

116 namelastname112 the Skirmisher (level 4, -3/40 HPs)
             Began as a Draconian Fighter on Mar 3, 2016.
             Slain by a gnoll
             ... wielding a +0 halberd
              (8 damage)
             ... on level 2 of the Dungeon.
             The game lasted 00:02:33 (2091 turns).

namelastname112 the Skirmisher (Draconian Fighter)  Turns: 2091, Time: 00:02:33

Health: -3/40      AC:  5    Str: 18    XL:     4   Next: 70%
Magic:  4/4        EV: 13    Int:  8    God:
Gold:   109        SH:  0    Dex: 12    Spells: 0 memorised, 3 levels left

rFire  . . .     SeeInvis .     a - +0 trident
rCold  . . .     Gourm    .     (armour unavailable)
rNeg   . . .     Faith    .     (no shield)
rPois  .         Spirit   .     (helmet restricted)
rElec  .         Dismiss  .     (no cloak)
rCorr  .         Reflect  .     (no gloves)
SustAt .         Harm     .     (no boots)
MR     .....                    (no amulet)
Stlth  +.........               (no ring)
                                i - ring of flight

@: not resistant to hostile enchantments, very unstealthy
A: unfitting armour, cold-blooded, AC +5
a: Evoke Flight


You were on level 2 of the Dungeon.
You were very hungry.

You visited 1 branch of the dungeon, and saw 2 of its levels.

You collected 109 gold pieces.

Inventory:

Hand Weapons
 a - a +0 trident (weapon)
Armour
 b - a +0 shield
Jewellery
 i - a ring of flight (left hand)
Scrolls
 f - a scroll of teleportation {unknown}
 j - a scroll of magic mapping {unknown}
 l - 3 scrolls of remove curse {unknown}
 m - a scroll of random uselessness {unknown}
 n - a scroll of noise {unknown}
 p - a scroll of identify {unknown}
Potions
 c - a potion of might
 e - a potion of curing
 o - a potion of cancellation {unknown}
Comestibles
 d - a bread ration
 g - 4 fruits
 h - a beef jerky
 k - a meat ration


   Skills:
 + Level 4.1 Fighting
 * Level 3.4 Polearms
 + Level 3.3 Dodging
 + Level 3.5 Shields


You had 3 spell levels left.
You didn't know any spells.

Dungeon Overview and Level Annotations

Branches:
Dungeon (2/15)

Altars:
Elyvilon


Innate Abilities, Weirdness & Mutations

Your plain brown scales are hard (AC +5).
Your body does not fit into most forms of armour.
You are cold-blooded and may be slowed by cold attacks.


Message History

You tail-slap the gnoll, but do no damage.
The hound barely misses you. The gnoll hits you with a halberd!
* * * LOW HITPOINT WARNING * * *
You hit the gnoll.
The gnoll is lightly wounded.
The hound bites you.
* * * LOW HITPOINT WARNING * * *
The gnoll barely misses you.
The hound stops to sniff the ground.
The hound barely misses you.
You hit the gnoll.
The gnoll is heavily wounded.
The hound closely misses you. The gnoll hits you with a halberd.
* * * LOW HITPOINT WARNING * * *
The hound barely misses you.
Drink which item? (? for menu, Esc to quit)
It was a potion of curing.
You feel better. The hound bites you.
* * * LOW HITPOINT WARNING * * *
The gnoll hits you with a halberd!
You die...

.#.#.........###....###....####..
...#.............######....# #...
............##.###.........# #.#.
..##.......(##.....####....###.#.
............###...## #....#...#.
..##.......<##...## #....#.###.
..###..........#.# #....#.##..
.............###.# ######....#
......#......# #@##########...###
....#........###gh...........##
.......................[.....#
###....########.###..........#
###.........................##
..###.#...####..########...##
#..##...#..#..........##...###
##........>..###.####....#...#
............## #...h..รท......#


You could see a hound and a gnoll.

Vanquished Creatures
  A hound (D:1)
  2 adders (D:2)
  4 worms (D:2)
  3 dart slugs
  A giant cockroach (D:1)
  6 goblins
  9 hobgoblins
  6 jackals (D:1)
  3 kobolds
  A quokka (D:2)
  A ball python (D:1)
  5 bats
  2 giant newts
  4 rats
48 creatures vanquished.

Notes
Turn   | Place    | Note
--------------------------------------------------------------
     0 | D:1      | namelastname112 the Draconian Fighter began the quest for the Orb.
     0 | D:1      | Reached XP level 1. HP: 19/19 MP: 1/1
   153 | D:1      | Reached XP level 2. HP: 26/26 MP: 2/2
   868 | D:1      | Reached XP level 3. HP: 11/33 MP: 3/3
  1194 | D:2      | Found a white marble altar of Elyvilon.
  1225 | D:2      | Reached skill level 4 in Fighting
  1652 | D:2      | Reached XP level 4. HP: 40/40 MP: 4/4
  2091 | D:2      | Slain by a gnoll

Vault maps used:
D:1:      matt_arrival_los_fun
D:2:      kennysheep_goblin_castle, overflow_temple_1_default,
          cheibrodos_gnoll_hut

Skill      XL: |  1  2  3 |
---------------+----------+-----
Fighting       | 4 |  4.1
Dodging        | 3 |  3.3
Polearms       | 3 |  3.4
Shields        | |  3.5

Action                   |  1- 3 |  4- 6 || total
-------------------------+-------+-------++-------
Melee: Trident           |   178 |    29 ||   207
  Use: Potion            |       |     1 ||     1
  Eat: Chunk             |     2 |     1 ||     3
